Map: 旋风平台 - 天梯版 (虚空)

Players

Kelazhur

  • Race: Terran Terran
  • League: Diamond
  • Spawn Location: 7:00

Jim - Winner!

  • Race: Protoss Protoss
  • Spawn Location: 1:00

Event: WESG 2016 Finals

VOD

Have the link to the VOD?

Description

Time

  • Played on: Jan. 13, 2017, 3:15 a.m.
  • Length: 6:48

All games in this series

Show
View Real Time Build Order
Export as new Build Order

Kelazhur Terran 

Build Orders: Reaper Expand, MMM Bio 

Get SALT Encoding   

  12  0:00  SCV  
  13  0:12  SCV  
  14  0:17  Supply Depot  
  14  0:25  SCV  
  15  0:39  SCV  
  15  0:40  Barracks  
  16  0:44  Refinery  
  16  0:51  SCV  
  17  1:03  SCV  
  18  1:15  SCV  
  19  1:27  Orbital Command  
  19  1:32  Reaper  
  20  1:39  Command Center  
  20  1:52  Barracks  
  21  1:54  SCV  
  21  2:04  Barracks Reactor  
  21  2:09  SCV  
  21  2:11  Supply Depot  
  22  2:20  Refinery  
  22  2:21  SCV  
  23  2:32  Factory  
  23  2:33  SCV  
  24  2:42  Marine x2, Barracks Tech Lab  
  26  2:46  SCV  
  26  2:58  Orbital Command, SCV  
  27  2:59  Marine  
  27  3:00  Marine  
  29  3:10  Marine, SCV  
  31  3:13  Stimpack  
  31  3:18  Marine x2  
  33  3:22  SCV  
  33  3:25  SCV  
  35  3:30  Starport  
  35  3:32  Factory Reactor  
  35  3:33  Marine  
  36  3:36  SCV  
  36  3:38  SCV  
  38  3:42  Marine x2  
  38  3:45  Supply Depot  
  38  3:48  SCV  
  41  3:50  SCV  
  41  3:53  Marine  
  43  3:59  Marine x2  
  43  4:00  SCV  
  46  4:04  Engineering Bay  
  46  4:07  SCV  
  47  4:11  Marine  
  49  4:18  Marine x2  
  49  4:19  Supply Depot  
  49  4:20  Medivac x2  
  53  4:26  Bunker  
  53  4:29  SCV  
  53  4:30  Supply Depot  
  54  4:33  Terran Infantry Weapons Level 1  
  54  4:41  Missile Turret, SCV  
  55  4:45  Marine  
  55  4:46  Marine x2  
  55  4:47  SCV  
  59  4:53  SCV  
  59  4:57  Supply Depot  
  59  4:59  SCV  
  61  5:03  Marine x2  
  61  5:05  Marine  
  64  5:12  Widow Mine  
  64  5:13  SCV  
  64  5:14  SCV  
  68  5:15  Combat Shields  
  68  5:17  Medivac  
  70  5:21  Supply Depot, Marine x2  
  70  5:23  Marine  
  70  5:26  SCV x2  
  75  5:39  Marine  
  67  5:53  Marine, SCV  
  67  5:54  Engineering Bay, Marine  
  67  5:56  SCV  
  53  5:57  Marine  
  46  6:05  SCV  
  46  6:09  SCV  
  43  6:11  Marine  
  43  6:12  Marine  
  43  6:18  SCV  
  43  6:21  SCV  
  43  6:22  Marine  
  34  6:29  Marine  
  34  6:30  Marine, SCV  
  40  6:33  SCV  
Show
View Real Time Build Order
Export as new Build Order

Jim Protoss - Winner!

Build Orders: 1 Gate Expand 

Get SALT Encoding   

  12  0:00  Probe (Chrono Boost)  
  13  0:11  Probe (Chrono Boost)  
  14  0:17  Pylon  
  14  0:21  Probe (Chrono Boost)  
  15  0:35  Probe (Chrono Boost), Gateway  
  16  0:45  Probe (Chrono Boost)  
  16  0:46  Assimilator  
  17  0:56  Probe (Chrono Boost)  
  18  1:07  Probe (Chrono Boost)  
  19  1:19  Nexus  
  19  1:28  Cybernetics Core  
  19  1:31  Probe (Chrono Boost)  
  20  1:36  Assimilator  
  20  1:42  Probe (Chrono Boost)  
  20  1:47  Pylon  
  21  1:52  Probe (Chrono Boost)  
  22  2:02  Adept  
  22  2:04  Probe (Chrono Boost)  
  22  2:06  Warp Gate  
  26  2:16  Probe (Chrono Boost)  
  26  2:24  Twilight Council  
  26  2:27  Probe (Chrono Boost)  
  26  2:34  Probe (Chrono Boost)  
  27  2:37  Probe (Chrono Boost)  
  28  2:44  Probe (Chrono Boost)  
  28  2:48  Probe (Chrono Boost), Robotics Facility  
  29  2:53  Adept  
  29  2:55  Probe (Chrono Boost)  
  32  3:01  Probe (Chrono Boost)  
  33  3:08  Probe (Chrono Boost)  
  33  3:09  Resonating Glaives  
  35  3:13  Probe (Chrono Boost)  
  35  3:19  Probe (Chrono Boost)  
  36  3:20  Adept  
  36  3:25  Probe (Chrono Boost)  
  39  3:30  Probe (Chrono Boost)  
  39  3:33  Gateway  
  40  3:34  Observer  
  40  3:35  Gateway  
  40  3:40  Probe (Chrono Boost)  
  43  3:41  Probe (Chrono Boost)  
  43  3:43  Pylon  
  43  3:50  Gateway  
  43  3:52  Probe (Chrono Boost)  
  43  3:55  Probe (Chrono Boost)  
  45  3:56  Warp Prism  
  47  4:11  Gateway  
  47  4:12  Adept  
  47  4:16  Gateway  
  49  4:26  Gateway  
  49  4:27  Gateway  
  49  4:30  Pylon  
  49  4:35  Adept x2  
  53  4:43  Warp Prism  
  53  4:47  Pylon  
  53  4:50  Mothership Core (Chrono Boost)  
  57  5:03  Pylon  
  57  5:04  Adept x2  
  57  5:06  Adept x2  
  65  5:09  Adept  
  67  5:14  Adept  
  69  5:21  Adept  
  69  5:23  Adept  
  69  5:25  Adept x2  
  73  5:43  Adept  
  73  5:44  Adept x2  
  75  5:51  Adept  
  53  6:06  Adept x3  
  53  6:07  Adept x4  
  65  6:12  Adept  
  63  6:30  Adept x3  
  63  6:31  Adept x3  
  75  6:37  Adept x2  
Tags
 
Add a new tag
Caveats
  • Supply blocks, unpowered buildings, or Contaminate may cause inaccurate times.
  • Supply counts are checked every 10 seconds.